 Seeded DCSS version 0.23.2 (webtiles) character file.

Game seed: 97667173627

8616 Kranky the Thaumaturge (level 11, 0/81 HPs)
             Began as a Gnoll Wizard on Oct 15, 2019.
             Was an Elder of Okawaru.
             Slain by a wyvern (2 damage)
             ... on level 10 of the Dungeon.
             The game lasted 00:49:01 (12177 turns).

Kranky the Thaumaturge (Gnoll Wizard)              Turns: 12177, Time: 00:49:03

Health: 0/81       AC: 14    Str: 12    XL:     11   Next: 33%
Magic:  21/24      EV: 17    Int: 21    God:    Okawaru [****..]
Gold:   536        SH:  0    Dex: 14    Spells: 17/28 levels left

rFire    + . .     SeeInvis .   F - +5 dagger (freeze)
rCold    . . .     Gourm    .   (no shield)
rNeg     . . .     Faith    +   a - +2 ring mail {rPois}
rPois    +         Spirit   .   l - +0 helmet
rElec    .         Reflect  .   (no cloak)
rCorr    .         Harm     .   n - +1 pair of gloves
MR       .....                  b - +1 pair of boots {Stlth+}
Stlth    ++++......             t - amulet of faith
HPRegen  0.23/turn              g - ring of protection from fire
MPRegen  0.19/turn              D - +3 ring of evasion

@: slowed, very slow
A: distributed training, fangs 1, strong nose
a: Heroism, Renounce Religion


You were on level 10 of the Dungeon.
You worshipped Okawaru.
Okawaru was greatly pleased with you.
You were hungry.

You visited 2 branches of the dungeon, and saw 12 of its levels.
You also visited: Sewer.

You collected 731 gold pieces.
You spent 195 gold pieces at shops.

Inventory:

Hand Weapons
 m - a +3 short sword of draining
 F - a +5 dagger of freezing (weapon)
Missiles
 p - 42 sling bullets
 H - 4 throwing nets (quivered)
Armour
 a - a +2 ring mail of poison resistance (worn)
 b - a +1 pair of boots of stealth (worn)
 l - a +0 helmet (worn)
 n - a +1 pair of gloves (worn)
 q - a +2 ring mail of cold resistance
Jewellery
 g - a ring of protection from fire (left hand)
 t - an amulet of faith (around neck)
 D - a +3 ring of evasion (right hand)
 E - an uncursed ring of protection from fire
Wands
 o - a wand of clouds (6)
 v - a wand of iceblast (10)
 y - a wand of polymorph (7)
 A - a wand of paralysis (3)
 C - a wand of random effects (51)
 K - a wand of digging (6)
Scrolls
 c - 4 scrolls of noise
 e - 4 scrolls of fear
 h - 4 scrolls of identify
 j - 6 scrolls of enchant weapon
 k - 5 scrolls of teleportation
 r - 3 scrolls of enchant armour
 s - 5 scrolls of fog {unknown}
 I - 3 scrolls of remove curse
 M - 2 scrolls of blinking {unknown}
Potions
 f - 2 potions of haste
 i - 5 potions of heal wounds
 u - 7 potions of flight
 w - 5 potions of curing
 x - 3 potions of brilliance
 z - a potion of might
 B - a potion of lignification {unknown}
 J - a potion of agility {unknown}
Miscellaneous
 G - a lightning rod (4/4)
Comestibles
 d - 14 rations
 L - 2 chunks of flesh


   Skills:
 + Level 6.1 Fighting
 + Level 6.1 Short Blades
 + Level 6.1 Long Blades
 + Level 6.1 Axes
 + Level 6.1 Maces & Flails
 + Level 6.1 Polearms
 + Level 6.1 Staves
 + Level 6.1 Slings
 + Level 6.1 Bows
 + Level 6.1 Crossbows
 + Level 6.1 Throwing
 + Level 6.1 Armour
 + Level 7.7 Dodging
 + Level 7.4 Stealth
 + Level 6.1 Shields
 + Level 6.1 Unarmed Combat
 + Level 9.4 Spellcasting
 + Level 5.5 Conjurations
 + Level 5.0 Hexes
 + Level 5.0 Charms
 + Level 5.5 Summonings
 + Level 5.0 Necromancy
 + Level 5.5 Translocations
 + Level 5.0 Transmutations
 + Level 5.0 Fire Magic
 + Level 5.0 Ice Magic
 + Level 5.0 Air Magic
 + Level 5.0 Earth Magic
 + Level 5.0 Poison Magic
 + Level 6.7 Invocations
 + Level 6.1 Evocations


You had 17 spell levels left.
You knew the following spells:

 Your Spells              Type           Power        Failure   Level  Hunger
a - Magic Dart            Conj           ####         1%          1    None
b - Mephitic Cloud        Conj/Pois/Air  ####....     4%          3    None
c - Conjure Flame         Conj/Fire      ####....     4%          3    None
d - Blink                 Tloc           N/A          2%          2    None
e - Call Imp              Summ           ####....     2%          2    None

Your spell library contained the following spells:

 Spells                   Type           Power        Failure   Level  Hunger
 Slow                     Hex            ####....     2%          2    None


Dungeon Overview and Level Annotations

Branches:
Dungeon (11/15)            Temple (1/1) D:7             Orc (0/2) D:9
   Lair: D:8-11

Altars:
Ashenzari
Cheibriados
Dithmenos
Elyvilon
Fedhas
Gozag
Hepliaklqana
Kikubaaqudgha
Makhleb
Nemelex Xobeh
Okawaru
Qazlal
Ru
Sif Muna
Trog
Uskayaw
Vehumet
Wu Jian
Xom
Yredelemnul
Zin
The Shining One

Shops:
D:5 [


Innate Abilities, Weirdness & Mutations

Your experience applies equally to all skills.
You have very sharp teeth.
Your uncanny sense of smell can sniff out nearby items.


Message History

The bullfrog zombie barely misses your crimson imp.
The wyvern barely misses you.
Your crimson imp blinks!
You barely miss the wyvern.
The wyvern is lightly wounded.
The wyvern bites you.
* * * LOW HITPOINT WARNING * * *
The wyvern closely misses you. The bullfrog zombie misses you.
The wyvern closely misses you. The bullfrog zombie barely misses you.
The wyvern closely misses you. The bullfrog zombie hits you.
* * * LOW HITPOINT WARNING * * *
You climb upwards.
There is a stone staircase leading down here.
Casting: Magic Dart (safe; 1% risk of failure)
Confirm with . or Enter, or press ? or * to list all spells.
A beastly little devil appears in a puff of flame.
The wyvern bites you!
* * * LOW HITPOINT WARNING * * *
The wyvern bites you.
You die...

...................#
...................#
..#######..........#
..# #..........# ..#
#..........# ..#
#..........# ..#
#......5...# ..#
#..........# ..#
#.......@..#
..#######......l...#
...................#
......)............#
#########..#########
# #..# # #..# # #..#
# #..#


You could see a wyvern and a friendly crimson imp.

Vanquished Creatures
  Harold (D:9)
  2 guardian serpents (D:10)
  Psyche (D:9)
  A troll (D:10)
  A hippogriff (D:10)
  A vampire (D:10)
  A spriggan (D:10)
  A wraith (D:11)
  A wyvern (D:10)
  2 water moccasins
  4 ice beasts
  5 orc warriors
  4 sky beasts
  3 phantoms
  5 centaurs
  4 ogres
  A necrophage (D:10)
  4 big kobolds
  10 bullfrogs
  A wyvern skeleton (D:8)
  3 scorpions
  5 killer bees
  4 wights (D:9)
  3 centaur zombies
  2 crimson imps
  2 hounds
  A jelly (D:7)
  11 orc wizards
  4 orc priests
  A gnoll shaman (D:7)
  3 centaur skeletons
  4 worker ants
  4 iguanas
  A killer bee zombie (D:8)
  A hound zombie (D:6)
  A hound skeleton (D:8)
  2 worker ant zombies
  18 adders
  7 gnolls
  3 river rats (Sewer)
  A shadow imp (D:7)
  3 oozes
  3 adder zombies
  3 adder skeletons
  4 worms
  3 dart slugs
  7 leopard geckos
  54 orcs
  4 giant cockroaches
  10 hobgoblins
  11 jackals
  27 kobolds
  4 quokkas
  5 ball pythons
  4 bats
  11 frilled lizards
  7 goblins
  A quokka skeleton (D:6)
  29 rats
324 creatures vanquished.

Vanquished Creatures (collateral kills)
  A hippogriff (D:11)
  2 ogres
  2 orc priests (D:4)
  An ooze (D:5)
  3 orcs (D:4)
  A jackal (D:4)
10 creatures vanquished.

Vanquished Creatures (others)
  2 plants (D:3)
2 creatures vanquished.

Grand Total: 336 creatures vanquished

Notes
Turn   | Place    | Note
-------+----------+-------------------------------------------
     0 | D:1      | Kranky the Gnoll Wizard began the quest for the Orb.
     0 | D:1      | Reached XP level 1. HP: 13/13 MP: 8/8
   253 | D:1      | Reached XP level 2. HP: 17/19 MP: 8/10
   496 | D:1      | Reached XP level 3. HP: 25/25 MP: 7/11
  1252 | D:2      | Reached skill level 1 in Invocations
  1393 | D:2      | Reached skill level 1 in Fighting
  1393 | D:2      | Reached skill level 1 in Short Blades
  1393 | D:2      | Reached skill level 1 in Long Blades
  1393 | D:2      | Reached skill level 1 in Axes
  1393 | D:2      | Reached skill level 1 in Maces & Flails
  1393 | D:2      | Reached skill level 1 in Polearms
  1393 | D:2      | Reached skill level 1 in Staves
  1393 | D:2      | Reached skill level 1 in Slings
  1393 | D:2      | Reached skill level 1 in Bows
  1393 | D:2      | Reached skill level 1 in Crossbows
  1393 | D:2      | Reached skill level 1 in Throwing
  1393 | D:2      | Reached skill level 1 in Armour
  1393 | D:2      | Reached skill level 1 in Shields
  1393 | D:2      | Reached skill level 1 in Unarmed Combat
  1393 | D:2      | Reached skill level 1 in Evocations
  1448 | D:2      | Reached XP level 4. HP: 31/32 MP: 9/13
  1823 | D:2      | You fall through a shaft!
  1835 | D:3      | Reached skill level 1 in Hexes
  1835 | D:3      | Reached skill level 1 in Charms
  1835 | D:3      | Reached skill level 1 in Necromancy
  1835 | D:3      | Reached skill level 1 in Transmutations
  1835 | D:3      | Reached skill level 1 in Fire Magic
  1835 | D:3      | Reached skill level 1 in Ice Magic
  1835 | D:3      | Reached skill level 1 in Air Magic
  1835 | D:3      | Reached skill level 1 in Earth Magic
  1835 | D:3      | Reached skill level 1 in Poison Magic
  2627 | D:3      | Reached XP level 5. HP: 29/37 MP: 14/14
  2792 | D:3      | Noticed an ogre
  2803 | D:3      | Killed an ogre
  3021 | D:3      | Reached XP level 6. HP: 30/44 MP: 16/16
  3312 | D:4      | Learned a level 3 spell: Mephitic Cloud
  3316 | D:4      | Learned a level 3 spell: Conjure Flame
  3319 | D:4      | Learned a level 2 spell: Blink
  3322 | D:4      | Learned a level 2 spell: Call Imp
  3530 | D:4      | Reached skill level 5 in Dodging
  4154 | D:4      | Reached XP level 7. HP: 49/50 MP: 14/18
  4352 | D:5      | Entered Level 5 of the Dungeon
  4566 | D:5      | Found Busk's Antique Armour Boutique.
  4589 | D:5      | Found a glowing drain.
  4608 | Sewer    | Entered a sewer
  4887 | Sewer    | Reached skill level 5 in Stealth
  5413 | D:5      | Reached XP level 8. HP: 57/57 MP: 19/19
  6138 | D:5      | Bought a pair of glowing boots for 195 gold pieces
  6167 | D:6      | Reached skill level 8 in Spellcasting
  6269 | D:6      | Reached XP level 9. HP: 49/65 MP: 17/21
  6450 | D:6      | Found an iron altar of Okawaru.
  8028 | D:7      | Reached skill level 5 in Invocations
  8086 | D:7      | Found a staircase to the Ecumenical Temple.
  8290 | D:7      | Found a shadowy altar of Dithmenos.
  8376 | Temple   | Entered the Ecumenical Temple
  8604 | D:6      | Became a worshipper of Warmaster Okawaru
  8783 | D:8      | Reached XP level 10. HP: 68/73 MP: 19/22
  8819 | D:8      | Reached * piety under Okawaru
  9387 | D:8      | Reached skill level 5 in Fighting
  9387 | D:8      | Reached skill level 5 in Short Blades
  9387 | D:8      | Reached skill level 5 in Long Blades
  9387 | D:8      | Reached skill level 5 in Axes
  9387 | D:8      | Reached skill level 5 in Maces & Flails
  9387 | D:8      | Reached skill level 5 in Polearms
  9387 | D:8      | Reached skill level 5 in Staves
  9387 | D:8      | Reached skill level 5 in Slings
  9387 | D:8      | Reached skill level 5 in Bows
  9387 | D:8      | Reached skill level 5 in Crossbows
  9387 | D:8      | Reached skill level 5 in Throwing
  9387 | D:8      | Reached skill level 5 in Armour
  9387 | D:8      | Reached skill level 5 in Shields
  9387 | D:8      | Reached skill level 5 in Unarmed Combat
  9387 | D:8      | Reached skill level 5 in Evocations
  9899 | D:9      | Found a staircase to the Orcish Mines.
  9951 | D:9      | Reached skill level 9 in Spellcasting
 10025 | D:9      | Reached ** piety under Okawaru
 10082 | D:9      | Noticed Harold
 10113 | D:9      | Killed Harold
 10113 | D:9      | Reached skill level 5 in Conjurations
 10113 | D:9      | Reached skill level 5 in Summonings
 10113 | D:9      | Reached skill level 5 in Translocations
 10262 | D:9      | Noticed Psyche
 10510 | D:9      | Killed Psyche
 10608 | D:10     | Entered Level 10 of the Dungeon
 10695 | D:10     | Reached *** piety under Okawaru
 11069 | D:10     | Reached XP level 11. HP: 28/81 MP: 21/24
 11706 | D:10     | Reached **** piety under Okawaru
 11826 | D:10     | Reached skill level 5 in Hexes
 11826 | D:10     | Reached skill level 5 in Charms
 11826 | D:10     | Reached skill level 5 in Necromancy
 11826 | D:10     | Reached skill level 5 in Transmutations
 11826 | D:10     | Reached skill level 5 in Fire Magic
 11826 | D:10     | Reached skill level 5 in Ice Magic
 11826 | D:10     | Reached skill level 5 in Air Magic
 11826 | D:10     | Reached skill level 5 in Earth Magic
 11826 | D:10     | Reached skill level 5 in Poison Magic
 12177 | D:10     | HP: 2/81 [wyvern (15)]
 12177 | D:10     | Slain by a wyvern

Skill      XL: |  1  2  3  4  5  6  7  8  9 10 11 |
---------------+----------------------------------+-----
Conjurations   | 2 3 4 5 |  5.5
Summonings     | 2 3 4 5 |  5.5
Translocations | 2 3 4 5 |  5.5
Invocations    | 1 2 3 4 5 6 |  6.7
Fighting       | 1 2 3 4 5 6 |  6.1
Short Blades   | 1 2 3 4 5 6 |  6.1
Long Blades    | 1 2 3 4 5 6 |  6.1
Axes           | 1 2 3 4 5 6 |  6.1
Maces & Flails | 1 2 3 4 5 6 |  6.1
Polearms       | 1 2 3 4 5 6 |  6.1
Staves         | 1 2 3 4 5 6 |  6.1
Slings         | 1 2 3 4 5 6 |  6.1
Bows           | 1 2 3 4 5 6 |  6.1
Crossbows      | 1 2 3 4 5 6 |  6.1
Throwing       | 1 2 3 4 5 6 |  6.1
Armour         | 1 2 3 4 5 6 |  6.1
Shields        | 1 2 3 4 5 6 |  6.1
Unarmed Combat | 1 2 3 4 5 6 |  6.1
Evocations     | 1 2 3 4 5 6 |  6.1
Hexes          | 1 2 3 4 5 |  5.0
Charms         | 1 2 3 4 5 |  5.0
Necromancy     | 1 2 3 4 5 |  5.0
Transmutations | 1 2 3 4 5 |  5.0
Fire Magic     | 1 2 3 4 5 |  5.0
Ice Magic      | 1 2 3 4 5 |  5.0
Air Magic      | 1 2 3 4 5 |  5.0
Earth Magic    | 1 2 3 4 5 |  5.0
Poison Magic   | 1 2 3 4 5 |  5.0
Dodging        | 5 6 7 |  7.7
Stealth        | 5 6 7 |  7.4
Spellcasting   | 8 9 |  9.4

Action                   |  1- 3 |  4- 6 |  7- 9 | 10-12 || total
-------------------------+-------+-------+-------+-------++-------
Melee: Unarmed           |     7 |       |       |       ||     7
       Bite              |     3 |     5 |    42 |    50 ||   100
       Dagger            |     6 |       |       |    53 ||    59
       Short sword       |    15 |   145 |   470 |   492 ||  1122
       Punch             |       |       |     6 |     9 ||    15
 Cast: Magic Dart        |    63 |    43 |    47 |    17 ||   170
       Call Imp          |       |     5 |     3 |    16 ||    24
       Mephitic Cloud    |       |       |    14 |    13 ||    27
       Blink             |       |       |     5 |       ||     5
Invok: Heroism           |       |       |       |     2 ||     2
  Use: Scroll            |       |       |    13 |       ||    13
       Potion            |       |       |       |     4 ||     4
 Stab: Sleeping          |     4 |     5 |     3 |    11 ||    23
       Confused          |       |       |    12 |     8 ||    20
       Distracted        |       |       |     2 |     3 ||     5
  Eat: Chunk             |     1 |     9 |    10 |     6 ||    26
       Ration            |       |       |     2 |     1 ||     3
Armor: Robe              |     5 |    18 |       |       ||    23
       Ring mail         |       |     4 |   181 |   212 ||   397
Dodge: Dodged            |    25 |    99 |   324 |   496 ||   944
